Map: Graystone Ravine

Players

Pepe

  • Race: Terran Terran
  • Spawn Location: 9:00

MARTIN

  • Race: Protoss Protoss
  • League: Silver
  • Spawn Location: 11:00

WarpigxxxL - Winner!

  • Race: Terran Terran
  • League: Silver
  • Spawn Location: 3:00

xBenx - Winner!

  • Race: Zerg Zerg
  • League: Gold
  • Spawn Location: 5:00

VOD

Have the link to the VOD?

Description

xBenx, WarpigxxxL vs MARTIN, Pepe

Time

  • Played on: March 28, 2024, 1:35 p.m.
  • Length: 7:24
Show
View Real Time Build Order
Export as new Build Order

Pepe Terran 

Build Orders: Command Center First 

Get SALT Encoding   

  12  0:06  SCV  
  13  0:19  SCV  
  14  0:31  SCV  
  15  0:49  Supply Depot  
  15  1:11  SCV  
  16  1:14  Command Center  
  16  1:18  Barracks  
  16  1:23  SCV  
  17  1:35  SCV  
  18  1:47  SCV  
  19  1:59  Refinery  
  19  2:00  SCV  
  20  2:06  Supply Depot  
  20  2:09  Marine  
  21  2:20  SCV  
  22  2:22  Barracks  
  22  2:45  Barracks Tech Lab, Supply Depot  
  22  2:46  Supply Depot  
  22  2:56  Refinery  
  22  2:58  Orbital Command  
  22  2:59  Orbital Command  
  22  3:19  Factory  
  22  3:20  Marine  
  22  3:21  Marine  
  22  3:24  SCV  
  22  3:26  SCV  
  26  3:38  SCV, Refinery  
  26  3:41  Supply Depot  
  27  4:03  Factory  
  27  4:04  Marine  
  28  4:12  Barracks Reactor  
  26  4:27  Marine  
  26  4:33  SCV x2  
  26  4:38  Hellion  
  30  4:49  Marine x2  
  30  4:50  Marine  
  30  4:51  Hellion  
  35  5:02  Supply Depot  
  27  5:54  Marine x3  
  27  5:56  Hellion  
  34  5:58  SCV  
  34  5:59  SCV  
  36  6:10  Siege Tank  
  37  6:12  Marine  
  31  6:30  Marine  
  31  6:31  Marine x2  
  33  6:34  SCV  
  33  6:35  SCV  
  37  6:42  Widow Mine  
Show
View Real Time Build Order
Export as new Build Order

MARTIN Protoss 

Build Orders: Dark Templar Rush 

Get SALT Encoding   

  12  0:22  Probe (Chrono Boost)  
  12  0:26  Pylon  
  13  0:32  Probe (Chrono Boost)  
  14  0:37  Assimilator, Probe (Chrono Boost)  
  15  0:49  Probe  
  16  0:51  Gateway  
  16  1:01  Probe  
  17  1:13  Probe  
  18  1:23  Forge  
  18  1:27  Probe  
  19  1:40  Probe  
  19  1:45  Zealot  
  22  2:02  Cybernetics Core  
  22  2:06  Nexus  
  22  2:20  Assimilator  
  22  2:31  Pylon  
  22  2:42  Warp Gate  
  22  2:47  Robotics Facility  
  22  2:51  Twilight Council  
  22  3:01  Assimilator  
  22  3:04  Assimilator  
  22  3:05  Probe  
  23  3:14  Gateway  
  23  3:18  Probe  
  24  3:22  Probe  
  25  3:30  Probe  
  26  3:35  Probe  
  27  3:42  Probe  
  27  3:47  Probe  
  29  3:52  Gateway  
  29  3:57  Dark Shrine  
  29  4:02  Gateway  
  25  4:12  Stalker  
  14  4:33  Stalker  
  11  4:55  Stalker x2  
  8  5:13  Probe  
  7  6:08  Probe x2  
  9  6:20  Probe x2  
  8  6:32  Probe x2  
  10  6:33  Stalker  
  11  6:44  Probe x2  
  11  6:56  Probe x2  
Show
View Real Time Build Order
Export as new Build Order

WarpigxxxL Terran - Winner!

Build Orders:  

Get SALT Encoding   

  12  0:05  SCV  
  13  0:24  SCV  
  13  0:27  Supply Depot  
  14  0:36  SCV  
  15  0:49  SCV  
  16  0:59  Barracks  
  16  1:01  SCV  
  17  1:21  Barracks  
  17  1:25  SCV  
  18  1:31  Refinery  
  18  1:37  SCV  
  19  1:43  Refinery  
  19  1:46  Supply Depot  
  19  1:49  SCV  
  20  2:01  SCV  
  21  2:10  Barracks  
  21  2:13  SCV  
  22  2:24  Reaper  
  22  2:25  SCV  
  22  2:29  Reaper  
  25  2:37  SCV  
  26  2:53  Command Center  
  26  2:56  Marine  
  26  2:57  Barracks  
  26  2:58  Orbital Command  
  27  3:01  Reaper  
  27  3:02  Reaper  
  29  3:14  Reaper  
  30  3:24  SCV  
  31  3:49  Supply Depot  
  31  4:05  Reaper x3, SCV  
  35  4:12  Supply Depot  
  35  4:17  SCV  
  36  4:31  Reaper  
  36  4:37  Reaper x3  
  39  5:03  Reaper  
  40  5:09  Reaper x3  
  37  5:35  Reaper  
  37  5:41  Reaper x3  
  37  6:07  Reaper  
  38  6:13  Reaper, Marine x2  
  41  6:24  Factory  
  39  6:28  SCV x2  
  39  6:31  Marine x2  
  41  6:39  Marine  
  42  6:40  SCV x2  
  42  6:45  Marine  
  43  6:48  Marine x2  
  43  6:52  SCV x2  
  46  6:57  Marine  
  47  7:03  Marine  
  47  7:04  SCV x2  
Show
View Real Time Build Order
Export as new Build Order

xBenx Zerg - Winner!

Build Orders: Hatch First, Roach Nydus 

Get SALT Encoding   

  12  0:02  Drone  
  13  0:16  Overlord  
  13  0:36  Drone  
  13  0:42  Drone x2  
  16  0:49  Drone  
  17  0:58  Drone  
  17  0:59  Hatchery  
  17  1:19  Drone  
  17  1:21  Drone  
  17  1:22  Spawning Pool  
  17  1:24  Extractor  
  17  1:30  Extractor  
  16  1:35  Drone  
  18  1:49  Drone  
  18  1:52  Drone  
  20  1:55  Extractor  
  19  2:15  Drone x3  
  22  2:16  Queen x2  
  26  2:38  Drone x2  
  26  2:41  Overlord  
  26  2:42  Overlord  
  28  3:00  Drone x2, Extractor  
  28  3:01  Drone x2  
  28  3:03  Lair  
  28  3:05  Zergling x2  
  32  3:10  Zergling x2  
  33  3:13  Queen  
  33  3:15  Drone  
  36  3:20  Roach Warren  
  36  3:22  Extractor  
  36  3:26  Zergling x8  
  38  3:30  Metabolic Boost  
  38  3:59  Queen  
  40  4:03  Spore Crawler  
  40  4:09  Drone x5  
  43  4:12  Overlord x4  
  43  4:38  Drone x4  
  45  4:41  Roach  
  45  4:42  Roach x4  
  54  5:10  Nydus Network  
  54  5:12  Drone x3, Hatchery  
  54  5:15  Overlord  
  53  5:24  Zergling x2  
  53  5:25  Zergling x6  
  57  5:29  Glial Reconstitution  
  57  5:36  Spore Crawler  
  57  5:37  Drone x2  
  57  5:38  Extractor  
  57  5:44  Spine Crawler  
  56  5:50  Burrow  
  56  5:55  Overlord x2  
  56  5:57  Overseer  
  53  6:41  Zergling x12, Roach x4  
  53  6:42  Zergling x4, Roach x3  
  75  6:54  Zergling x6  
Tags
 
Add a new tag
Caveats
  • Supply blocks, unpowered buildings, or Contaminate may cause inaccurate times.
  • Supply counts are checked every 10 seconds.